 Dungeon Crawl Stone Soup version 0.31.0-9-g3a7656b989 (webtiles) character file.

Game seed: 9905062899064614377

19 qw the Shooter (level 2, -2/16 HPs)
             Began as a Deep Elf Hunter on Feb 2, 2024.
             Succumbed to their own poison gas
             ... on level 2 of the Dungeon.
             The game lasted 00:00:03 (866 turns).

qw the Shooter (Deep Elf Hunter)                     Turns: 866, Time: 00:00:03

Health: -2/16      AC:  7    Str:  8    XL:     2   Next: 55%
Magic:  4/4        EV: 10    Int: 13    God:
Gold:   134        SH:  0    Dex: 18    Spells: 1/1 levels left

rFire   . . .        a - +1 shortbow
rCold   . . .        (shield currently unavailable)
rNeg    . . .        e - +0 ring mail
rPois   .            (no helmet)
rElec   .            (no cloak)
rCorr   .            (no gloves)
SInv    .            h - +1 pair of boots
Will    .....        (no amulet)
Stlth   +            (no ring)
HPRegen 0.22/turn    (no ring)
MPRegen 0.09/turn

%: no passive effects
@: lethally poisoned (-2 -> -15)
A: no striking features
a: no special abilities


You were on level 2 of the Dungeon.
You visited 1 branch of the dungeon, and saw 2 of its levels.

You collected 134 gold pieces.


   Skills:
 - Level 1.5 Fighting
 + Level 6.3 Ranged Weapons
 - Level 2.4 Dodging
 - Level 1.2 Stealth


You had one spell level left.
You didn't know any spells.
Your spell library was empty.

Inventory:

Hand Weapons
 a - a +1 shortbow (weapon)
Armour
 e - a +0 ring mail (worn)
 h - a +1 pair of boots (worn)
Potions
 k - a potion of mutation

Dungeon Overview and Level Annotations

Branches:
Dungeon (2/15)

Altars:


Message History

As you read the scroll of identify, it crumbles to dust.
m - a potion of magic Partly explored, can't reach some places.
859 ||| READING scroll of identify.
859 ||| IDENTIFYING scroll labelled NUKUHE YZXA
As you read the scroll of identify, it crumbles to dust.
b - a scroll of noise Partly explored, can't reach some places.
860 ||| READING scroll labelled KAFERPH KAHIL.
The air fills with toxic fumes!
As you read the scroll labelled KAFERPH KAHIL, it crumbles to dust.
It was a scroll of poison.
Partly explored, can't reach some places.
861 ||| READING scroll labelled HUSYWK XERHEY.
Blink to where?
Press: ? - help, Dir - move target, f - you
As you read the scroll labelled HUSYWK XERHEY, it crumbles to dust.
It was a scroll of blinking.
Partly explored, can't reach some places.
862 ||| DROPPING scroll of noise.
You drop a scroll of noise.
Partly explored, can't reach some places.
863 ||| DROPPING potion of magic.
You drop a potion of magic.
Partly explored, can't reach some places.
What level of the Dungeon? (default 2, ? - help) Sorry, I don't know how to get there.
Enter note:
Enter note:
Enter note:
Enter note:
Enter note:
Enter note: You are engulfed in poison gas.
You are lethally poisoned!
You feel very sick.
865 ||| Stepping ~*~*~tactically~*~*~ (cloud).
You feel very sick.
Things that are here:
a potion of magic; a scroll of noise; a +0 leather armour
There is a lethal amount of poison in your body!
You die...

#.....###.777.7
#..... #######
#77).P7 7.7.7.
#7...P7 #.....
7P..77# 7#7.7.
PP.7777 #####....
#777P¤¤0777.......(
7¤770¤7..P.7###....
777P¤77777..7###....


7¤P@P7 #77....#..... 707007##.777........ 7 7777#............. #.............
#........7.7.7 #............. #........7.7.7 #.>........... ##.<.......... There
were no monsters in sight!

Vanquished Creatures
  A dart slug (D:2)
  A goblin (D:1)
  2 hobgoblins
  3 kobolds
  4 ball pythons
  3 bats (D:1)
  4 rats
18 creatures vanquished.

Notes
Turn   | Place    | Note
-------+----------+-------------------------------------------
     0 | D:1      | qw the Deep Elf Hunter began the quest for the Orb.
     0 | D:1      | Reached XP level 1. HP: 12/12 MP: 3/3
     0 | D:1      | 0 ||| qw: Version: 0.3-a-155-g5e7d8dd
     0 | D:1      | 0 ||| qw: Game counter: 1647
     0 | D:1      | 0 ||| qw: Melee chars always use a shield: true
     0 | D:1      | 0 ||| qw: God list: Okawaru
     0 | D:1      | 0 ||| qw: Allow faded altars: false
     0 | D:1      | 0 ||| qw: Do Orc after clearing Dungeon:15 true
     0 | D:1      | 0 ||| qw: Do second Lair branch before Depths: true
     0 | D:1      | 0 ||| qw: Lair rune preference: random
     0 | D:1      | 0 ||| qw: Goals: Normal
     0 | D:1      | 0 ||| PLANNING D:1-11
   124 | D:1      | Reached XP level 2. HP: 16/16 MP: 4/4
   182 | D:1      | Reached skill level 6 in Ranged Weapons
   373 | D:1      | 373 ||| UPGRADING to +0 pair of boots.
   378 | D:1      | 378 ||| READING scroll labelled ICRUWKA DABOONO.
   378 | D:1      | 378 ||| IDENTIFYING fuming puce potion
   379 | D:1      | 379 ||| READING scroll labelled HUOSYN MUISTAE.
   379 | D:1      | 379 ||| ENCHANTING +0 shortbow.
   380 | D:1      | 380 ||| READING scroll labelled ILUTWY OMYON.
   385 | D:1      | 385 ||| READING scroll labelled USIKKYSALOA.
   386 | D:1      | 386 ||| READING scroll labelled ZUPRUI WADOSS.
   387 | D:1      | 387 ||| READING scroll labelled XIADWI RETREIT.
   387 | D:1      | 387 ||| ENCHANTING +0 pair of boots.
   388 | D:1      | 388 ||| DRINKING 2 red potions.
   493 | D:1      | 493 ||| DROPPING scroll of butterflies.
   494 | D:1      | 494 ||| DROPPING potion of berserk rage.
   680 | D:2      | Identified the +5 mace of the Valley of Death {freeze, rF+}
   847 | D:2      | 847 ||| UPGRADING to +0 ring mail.
   857 | D:2      | 857 ||| DROPPING +0 leather armour.
   858 | D:2      | 858 ||| READING 2 scrolls of identify.
   858 | D:2      | 858 ||| IDENTIFYING cyan potion
   859 | D:2      | 859 ||| READING scroll of identify.
   859 | D:2      | 859 ||| IDENTIFYING scroll labelled NUKUHE YZXA
   860 | D:2      | 860 ||| READING scroll labelled KAFERPH KAHIL.
   861 | D:2      | 861 ||| READING scroll labelled HUSYWK XERHEY.
   862 | D:2      | 862 ||| DROPPING scroll of noise.
   863 | D:2      | 863 ||| DROPPING potion of magic.
   865 | D:2      | 865 ||| Stepping ~*~*~tactically~*~*~ (cloud).
   865 | D:2      | HP: 1/16 [poisoned by you (poison gas)]
   866 | D:2      | Succumbed to their own poison gas

Levels and vault maps discovered:
D:1:      onia_arrival_pyramid, layout_rooms
D:2:      layout_rooms, serial_forest, infiniplex_forest_straight_2,
          infiniplex_forest_lined_room_3, infiniplex_forest_lined_corner,
          infiniplex_forest_clump_cross, infiniplex_forest_split,
          infiniplex_forest_lined_2, infiniplex_forest_lined_room_2

Skill      XL: |  1  2 |
---------------+-------+-----
Ranged Weapons | 6 |  6.3
Fighting       | |  1.5
Dodging        | |  2.4
Stealth        | |  1.2

Action                     || total
---------------------------++-------
   Fire: Shortbow          ||    32
    Use: Scroll            ||    10
         Potion            ||     1
 Armour: Leather armour    ||     3
  Dodge: Dodged            ||     4

Table legend:
 A = Non-vault XP
 B = Vault XP
 C = Vault XP percentage of total XP
 D = Non-vault monster count
 E = Vault monster count
 F = Vault count percentage of total count
                 A         B        C        D         E       F
            +---------+---------+-------+---------+---------+-------
      Total |      28 |       0 |   0.0 |      18 |       0 |   0.0
            +---------+---------+-------+---------+---------+-------
        D:1 |      17 |       0 |   0.0 |      11 |       0 |   0.0
        D:2 |      11 |       0 |   0.0 |       7 |       0 |   0.0
            +---------+---------+-------+---------+---------+-------
